 Dungeon Crawl Stone Soup version 0.30-a0-365-ge7f957f1db (webtiles) character file.

Game seed: 9717595193912296353

972 qeuew the Ruffian (level 7, -2/67 HPs)
             Began as a Troll Gladiator on Nov 16, 2022.
             Was a Believer of Elyvilon.
             Slain by an orc warrior
             ... wielding a +0 scimitar of flaming
              (5 damage)
             ... on level 7 of the Dungeon.
             The game lasted 00:05:23 (4213 turns).

qeuew the Ruffian (Troll Gladiator)                 Turns: 4213, Time: 00:05:24

Health: -2/67      AC:  6    Str: 23    XL:     7   Next: 94%
Magic:  6/6        EV: 11    Int:  4    God:    Elyvilon [**....]
Gold:   398        SH:  0    Dex: 13    Spells: 6/6 levels left

rFire   . . .      SeeInvis .      - Unarmed
rCold   . . .      Faith    .    (no shield)
rNeg    . . .      Spirit   .    l - +2 robe {Will+}
rPois   .          Reflect  .    b - +0 hat
rElec   .          Harm     .    (no cloak)
rCorr   .          Rampage  .    (gloves unavailable)
Will    +....                    (boots unavailable)
Stlth   +.........               (no amulet)
HPRegen 1.11/turn                (no ring)
MPRegen 0.10/turn                (no ring)

@: no status effects
A: large, unfitting armour, claws 3, regeneration 1, shaggy fur 1, tough skin 1
a: Renounce Religion, Purification, Heal Other


You were on level 7 of the Dungeon.
You worshipped Elyvilon.
Elyvilon was pleased with you.
You visited 2 branches of the dungeon, and saw 8 of its levels.

You collected 398 gold pieces.

Inventory:

Missiles
 c - 3 throwing nets (quivered)
 d - 7 large rocks
Armour
 b - a +0 hat (worn)
 l - a +2 robe of willpower (worn)
Wands
 f - a wand of quicksilver (14)
 m - a wand of roots (2)
Scrolls
 a - a scroll of enchant weapon
 g - 3 scrolls of identify
 h - a scroll of amnesia
 k - 2 scrolls of teleportation
 p - 2 scrolls of immolation
Potions
 e - a potion of cancellation
 i - a potion of brilliance
 j - a potion of curing
 n - a potion of ambrosia {unknown}
 o - 2 potions of invisibility


   Skills:
 + Level 3.3 Fighting
 + Level 3.7 Throwing
 + Level 3.9 Dodging
 * Level 6.1 Unarmed Combat
 + Level 1.0 Invocations
 + Level 2.2 Evocations


You had 6 spell levels left.
You didn't know any spells.
Your spell library contained the following spells:

 Spells                   Type           Power      Damage    Failure   Level
 Apportation              Tloc           0%         N/A       50%         1
 Magic Dart               Conj           0%         1d3       50%         1
 Necrotise                Necr           0%         1d4       50%         1
 Slow                     Hex            0%         N/A       50%         1
 Summon Small Mammal      Summ           0%         N/A       50%         1
 Searing Ray              Conj           0%         2d4       65%         2
 Confusing Touch          Hex            0%         N/A       86%         3
 Vampiric Draining        Necr           0%         2d6       86%         3
 Fulminant Prism          Conj/Hex       0%         3d5       99%         4


Dungeon Overview and Level Annotations

Branches:
Dungeon (7/15)             Temple (1/1) D:4

Altars:
Ashenzari
Dithmenos
Elyvilon
Fedhas
Hepliaklqana
Makhleb
Nemelex Xobeh
Okawaru
Ru
Sif Muna
Trog
Uskayaw
Vehumet
Wu Jian
Xom
Zin


Innate Abilities, Weirdness & Mutations

You are too large for most types of armour.
You have claws for hands.
Your natural rate of healing is unusually fast.
You are covered in fur. (AC +1)
You have tough skin. (AC +1)


Message History

The orc priest shouts!
The orc shouts!
You claw the orc wizard!
The orc wizard is almost dead.
The orc wizard barely misses you.
You claw the orc wizard!
You kill the orc wizard!
The orc priest miscasts a cantrip.
You claw the orc priest!
The orc priest is heavily wounded.
The orc priest calls upon Beogh to heal the orc priest.
The orc priest is healed somewhat.
The orc warrior closely misses you.
The orc priest hits you with a +0 short sword.
You scratch the orc priest.
The orc priest is moderately wounded.
The orc hits you but does no damage.
The orc warrior hits you with a +0 scimitar of flaming!
The orc warrior burns you. The orc priest closely misses you.
You scratch the orc priest but do no damage.
The orc priest is moderately wounded.
The orc warrior hits you with a +0 scimitar of flaming!
The orc warrior burns you.
You closely miss the orc priest.
The orc priest is moderately wounded.
The orc barely misses you. The orc warrior barely misses you.
The orc priest closely misses you.
You scratch the orc priest.
The orc priest is heavily wounded.
The orc priest calls down the wrath of Beogh upon you.
Beogh smites you!
* * * LOW HITPOINT WARNING * * *
The orc hits you with a +0 whip.
* * * LOW HITPOINT WARNING * * *
The orc warrior hits you with a +0 scimitar of flaming!
* * * LOW HITPOINT WARNING * * *
The orc warrior burns you.
* * * LOW HITPOINT WARNING * * *
The orc priest barely misses you.
The orc warrior attacks as you move away!
The orc warrior hits you with a +0 scimitar of flaming.
You die...

..###..........# ..#
#.#........#
#.###.###......# #.....#
#......# #.###.#
#......######### ...##.#
#......#........ ...##.#
########........ ...##.#
######oo......
...##.#####.....@o......
...##.#.....####o.......
.#.(....##### #........
.....#### .........
...### ######### ...#
..... ...### ####


You could see an orc warrior, 2 orc priests and an orc.

Vanquished Creatures
  An ice beast (D:6)
  A centaur (D:5)
  A phantom (D:6)
  A bullfrog (D:7)
  A scorpion (D:5)
  A necrophage (D:4)
  The ghost of CoffeeSpider the Stinger, a weakling NaVM (D:5)
  An orc priest (D:3)
  A jelly (D:5)
  2 hounds
  4 iguanas
  5 orc wizards
  A gnoll (D:4)
  3 adders
  A shadow imp (D:7)
  3 white imps
  2 worms (D:2)
  4 dart slugs
  19 orcs
  5 ball pythons
  3 bats
  7 endoplasms
  3 giant cockroaches
  5 goblins
  2 hobgoblins
  A frilled lizard (D:1)
  5 kobolds
  2 rats
86 creatures vanquished.

Notes
Turn   | Place    | Note
-------+----------+-------------------------------------------
     0 | D:1      | qeuew the Troll Gladiator began the quest for the Orb.
     0 | D:1      | Reached XP level 1. HP: 19/19 MP: 0/0
   157 | D:1      | Reached XP level 2. HP: 28/28 MP: 1/1
   816 | D:2      | Reached XP level 3. HP: 35/35 MP: 2/2
  1094 | D:2      | Found a faded altar of an unknown god.
  1510 | D:3      | Reached XP level 4. HP: 33/42 MP: 3/3
  1513 | D:3      | Reached skill level 4 in Unarmed Combat
  1624 | D:3      | Found an ornate altar of the Wu Jian Council.
  1908 | D:4      | Found a staircase to the Ecumenical Temple.
  1918 | Temple   | Entered the Ecumenical Temple
  1929 | Temple   | Became a worshipper of Elyvilon the Healer
  1946 | D:4      | Noticed a necrophage
  1956 | D:4      | Killed a necrophage
  1957 | D:4      | Reached XP level 5. HP: 41/50 MP: 4/4
  2115 | D:4      | Reached skill level 1 in Evocations
  2213 | D:4      | Reached XP level 6. HP: 57/59 MP: 5/5
  2253 | D:4      | Found a bloodstained altar of Trog.
  2447 | D:4      | You fall into a shaft and drop 1 floor!
  2447 | D:5      | Entered Level 5 of the Dungeon
  2568 | D:5      | Reached skill level 5 in Unarmed Combat
  2655 | D:5      | Reached * piety under Elyvilon
  2750 | D:5      | Found a burning altar of Makhleb.
  2758 | D:5      | Found a glowing silver altar of Zin.
  2885 | D:5      | Reached XP level 7. HP: 44/66 MP: 6/6
  3098 | D:5      | Found a runed translucent gate.
  3098 | D:5      | Found a runed translucent gate.
  3098 | D:5      | Found a runed translucent gate.
  3099 | D:5      | Noticed CoffeeSpider's ghost (weakling NaVM)
  3133 | D:5      | Killed CoffeeSpider's ghost
  3300 | D:6      | Reached ** piety under Elyvilon
  4014 | D:7      | Reached skill level 6 in Unarmed Combat
  4067 | D:7      | Found a blossoming altar of Fedhas.
  4104 | D:7      | Reached skill level 1 in Invocations
  4212 | D:7      | HP: 3/67 [orc warrior/+0 scimitar of flaming (3)]
  4213 | D:7      | Slain by an orc warrior

Illustrated notes

Levels and vault maps discovered:
D:1:      lemuel_arrival_lava_pool, layout_basic
D:2:      layout_loops_ring, shapermc_ecumenical_altar_acropolis
D:3:      layout_loops_ring, nzn_wu_jian_contemplation, minmay_misc_feat_alley
D:4:      layout_gridville, trog_antimagical, minmay_temple_entry_mist
D:5:      layout_basic, amcnicky_altar_gilded, bloody_makhleb,
          ebering_ghost_rock_garden
D:6:      layout_gridville
D:7:      layout_rooms, mainiacjoe_overflow_tiny_flanked, uniq_maggie
Temple:   cyrus_circular_temple

Skill      XL: |  1  2  3  4  5  6  7 |
---------------+----------------------+-----
Throwing       | 2 3 |  3.7
Fighting       | 2 3 |  3.3
Unarmed Combat | 4 5 6 |  6.1
Dodging        | 3 |  3.9
Evocations     | 1 2 |  2.2
Invocations    | 1 |  1.0

Action                   |  1- 3 |  4- 6 |  7- 9 || total
-------------------------+-------+-------+-------++-------
Melee: Unarmed           |    80 |   119 |    59 ||   258
       Punch             |     1 |     3 |     3 ||     7
Invok: Heal Other        |       |       |     2 ||     2
  Use: Scroll            |     4 |     6 |     1 ||    11
       Potion            |       |     5 |     1 ||     6
 Stab: Sleeping          |     1 |       |       ||     1
Armor: Robe              |    29 |    34 |    16 ||    79
Dodge: Dodged            |    33 |    56 |    30 ||   119

Table legend: (Time is in decaauts)
 A = Elapsed time spent in this place.
 B = Non-inter-level travel time spent in this place.
 C = Inter-level travel time spent in this place.
 D = Time resting spent in this place.
 E = Time spent auto-exploring this place.
 F = Levels seen in this place.
 G = Mean time per level.
                   A        B        C        D        E       F      G
               +--------+--------+--------+--------+--------+-----+--------+
         Total |   4208 |   3921 |    287 |     25 |   3277 |   8 |  526.0 |
       Dungeon |   4185 |   3915 |    270 |     25 |   3276 |   7 |  597.9 |
        Temple |     22 |      5 |     17 |      0 |      1 |   1 |   22.0 |
               +--------+--------+--------+--------+--------+-----+--------+

Top non-repeatable levels by time:
     D:1: 799 daAuts
     D:6: 789 daAuts
     D:5: 727 daAuts
     D:3: 581 daAuts
     D:4: 560 daAuts
     D:2: 520 daAuts
     D:7: 206 daAuts
  Temple: 22 daAuts
